 Dungeon Crawl Stone Soup version 0.23.2 (webtiles) character file.

Game seed: 4083281500171132061

295 Fang the Skirmisher (level 6, -1/39 HPs)
             Began as a Gargoyle Berserker on Apr 12, 2019.
             Was a Believer of Trog.
             Slain by a bullfrog skeleton (4 damage)
             ... on level 4 of the Dungeon.
             The game lasted 00:03:06 (3320 turns).

Fang the Skirmisher (Gargoyle Berserker)            Turns: 3320, Time: 00:03:07

Health: -1/39      AC:  6    Str: 23    XL:     6   Next: 34%
Magic:  6/6        EV: 12    Int:  7    God:    Trog [**....]
Gold:   103        SH:  0    Dex:  9    Spells: 5/5 levels left

rFire    . . .     SeeInvis .   a - +0 hand axe
rCold    . . .     Gourm    .   (no shield)
rNeg     + . .     Faith    .   b - +0 animal skin
rPois    ∞         Spirit   .   (no helmet)
rElec    +         Reflect  .   (no cloak)
rCorr    .         Harm     .   (no gloves)
MR       .....                  (no boots)
Stlth    +.........             (no amulet)
HPRegen  0.13/turn              (no ring)
MPRegen  0.10/turn              (no ring)

@: no status effects
A: negative energy resistance 1, electricity resistance, unbreathing,
petrification resistance, rot immunity, AC +4
a: Berserk, Trog's Hand, Renounce Religion


You were on level 4 of the Dungeon.
You worshipped Trog.
Trog was pleased with you.
You were not hungry.

You visited 1 branch of the dungeon, and saw 4 of its levels.

You collected 103 gold pieces.

Inventory:

Hand Weapons
 a - a +0 hand axe (weapon)
Armour
 b - a +0 animal skin (worn)
Scrolls
 d - a scroll of fog {unknown}
 f - 4 scrolls of remove curse {unknown}
 g - a scroll of magic mapping {unknown}
 l - 3 scrolls of amnesia {unknown}
 m - 3 scrolls of identify {unknown}
 o - 3 scrolls of blinking {unknown}
 q - a scroll of immolation {unknown}
 r - a scroll of random uselessness {unknown}
Potions
 e - 3 potions of might {unknown}
 h - 4 potions of heal wounds {unknown}
 i - 2 potions of curing {unknown}
 j - a potion of mutation {unknown}
 n - 3 potions of agility {unknown}
 p - a potion of haste {unknown}
Comestibles
 c - 10 rations
 k - 3 chunks of flesh


   Skills:
 + Level 4.7 Fighting
 + Level 3.9 Axes
 + Level 4.0 Armour
 + Level 3.0 Dodging


You had 5 spell levels left.
You didn't know any spells.
Your spell library was empty.

Dungeon Overview and Level Annotations

Branches:
Dungeon (4/15)
 Temple: D:4-7

Altars:
Cheibriados


Innate Abilities, Weirdness & Mutations

You are resistant to torment.
Your stone body is resilient. (AC +4)
You are immune to poison.
You resist negative energy. (rN+)
You are resistant to electric shocks. (rElec)
You can survive without breathing.
You are immune to petrification.
You are immune to rotting.


Message History

You kill the quokka!
Trog accepts your kill.
You see here a quokka corpse.
Some of the chunks of flesh in your inventory have rotted away.
Found a ration and a leather armour.
A bullfrog skeleton comes into view.
You hit the bullfrog skeleton.
The bullfrog skeleton is lightly damaged.
The bullfrog skeleton closely misses you.
You hit the bullfrog skeleton.
The bullfrog skeleton is moderately damaged.
The bullfrog skeleton hits you.
* * * LOW HITPOINT WARNING * * *
A bullfrog skeleton is nearby!
You hit the bullfrog skeleton.
The bullfrog skeleton is heavily damaged.
The bullfrog skeleton hits you.
* * * LOW HITPOINT WARNING * * *
The bullfrog skeleton hits you.
You die...

### # ..## # ......##
.... ...#.# #...##..
.... #..#.# #...##.#
..... .....# #...##.#
##..... ...###
#...##.##.......
...######...##.....[.# .
...................#....
.....†..........@Z.^.#
.#.................#.#
.########...###....%...
. #...# ######.## .
#...# # # #...# ....#
.....#


You could see a bullfrog skeleton.

Vanquished Creatures
  A scorpion (D:4)
  An orc priest (D:3)
  An orc wizard (D:3)
  3 worker ants (D:4)
  3 adders (D:2)
  2 oozes
  An adder skeleton (D:4)
  2 worms
  3 leopard geckos
  7 orcs (D:3)
  8 bats
  6 giant cockroaches
  2 goblins
  4 hobgoblins
  3 jackals (D:4)
  2 quokkas (D:4)
  2 ball pythons
  5 frilled lizards
  10 kobolds
  A quokka skeleton (D:4)
  5 rats
72 creatures vanquished.

Notes
Turn   | Place    | Note
-------+----------+-------------------------------------------
     0 | D:1      | Fang the Gargoyle Berserker began the quest for the Orb.
     0 | D:1      | Reached XP level 1. HP: 14/14 MP: 1/1
   115 | D:1      | Reached XP level 2. HP: 18/19 MP: 2/2
   687 | D:1      | Reached ** piety under Trog
  1015 | D:2      | Reached XP level 3. HP: 23/24 MP: 3/3
  1520 | D:2      | Reached XP level 4. HP: 6/29 MP: 4/4
  2189 | D:3      | Found a snail-covered altar of Cheibriados.
  2287 | D:3      | Reached XP level 5. HP: 22/33 MP: 5/5
  3080 | D:4      | Reached XP level 6. HP: 15/39 MP: 6/6
  3320 | D:4      | Slain by a bullfrog skeleton

Skill      XL: |  1  2  3  4  5  6 |
---------------+-------------------+-----
Axes           | 3 |  3.9
Dodging        | 2 3 |  3.0
Armour         | 3 4 |  4.0
Fighting       | 4 |  4.7

Action                   |  1- 3 |  4- 6 || total
-------------------------+-------+-------++-------
Melee: Hand axe          |   128 |   162 ||   290
Invok: Berserk           |       |     1 ||     1
 Stab: Sleeping          |       |     1 ||     1
  Eat: Chunk             |     2 |     7 ||     9
Armor: Animal skin       |    47 |    48 ||    95
Dodge: Dodged            |    95 |   108 ||   203
